 Dungeon Crawl Stone Soup version 0.26.1-11-gd32895ea62 (webtiles) character file.

Game seed: 14935116733198022645

83 Zeld the Firebug (level 4, -6/24 HPs)
             Began as a Deep Elf Fire Elementalist on May 24, 2021.
             Mangled by Natasha (10 damage)
             ... on level 2 of the Dungeon.
             The game lasted 00:14:03 (3713 turns).

Zeld the Firebug (Deep Elf Fire Elementalist)       Turns: 3713, Time: 00:14:05

Health: -6/24      AC:  2    Str:  5    XL:     4   Next: 22%
Magic:  8/11       EV: 13    Int: 21    God:
Gold:   122        SH:  0    Dex: 15    Spells: 6/10 levels left

rFire    . . .     SeeInvis .   (no weapon)
rCold    . . .     Faith    .   (no shield)
rNeg     . . .     Spirit   .   a - +0 robe
rPois    .         Reflect  .   (no helmet)
rElec    .         Harm     .   (no cloak)
rCorr    .         Rampage  .   (no gloves)
Will     .....                  (no boots)
Stlth    ++........             (no amulet)
HPRegen  0.08/turn              (no ring)
MPRegen  0.12/turn              (no ring)

@: slowed, very slow
A: no striking features
a: no special abilities


You were on level 2 of the Dungeon.
You visited 1 branch of the dungeon, and saw 2 of its levels.

You collected 122 gold pieces.

Inventory:

Armour
 a - a +0 robe (worn)
Jewellery
 c - an uncursed amulet of reflection {unknown}
Scrolls
 b - a scroll of fog {unknown}
 d - 2 scrolls of teleportation {unknown}
 f - 2 scrolls of identify {unknown}
 g - a scroll of magic mapping {unknown}
 i - a scroll of amnesia {unknown}
 k - a scroll of remove curse {unknown}
Potions
 e - a potion of mutation {unknown}
 h - a potion of heal wounds
 j - 3 potions of lignification {unknown}


   Skills:
 + Level 3.0 Dodging
 - Level 2.4 Stealth
 + Level 3.7 Spellcasting
 * Level 2.8 Conjurations
 * Level 4.2 Fire Magic


You had 6 spell levels left.
You knew the following spells:

 Your Spells              Type           Power        Failure   Level
a - Foxfire               Conj/Fire      72%          3%          1
b - Conjure Flame         Conj/Fire      18%          9%          3

Your spell library contained the following spells:

 Spells                   Type           Power        Failure   Level
 Inner Flame              Hex/Fire       12%          16%         3
 Sticky Flame             Conj/Fire      18%          28%         4
 Fireball                 Conj/Fire      9%           63%         5


Dungeon Overview and Level Annotations

Branches:
Dungeon (2/15)

Altars:

Annotations:
D:2 Natasha


Message History

Natasha claws you. Natasha completely misses you. Natasha misses you.
Natasha barely misses you.
Casting: Foxfire (safe; 3% risk of failure)
Confirm with . or Enter, or press ? or * to list all spells.
You conjure some foxfire!
Natasha misses you.
Natasha casts a spell.
Natasha closely misses you. Natasha claws you!
* * * LOW HITPOINT WARNING * * *
Natasha misses you.
Unknown command.
Your foxfire dissipates!
Natasha closely misses you.
Casting: Foxfire (safe; 3% risk of failure)
Confirm with . or Enter, or press ? or * to list all spells.
You conjure some foxfire!
Natasha stares at you and mumbles some strange words.
You feel as though you will be slow longer.
Natasha claws you!
You die...

............##.##
.....#########.# ...### #.#
...# #.# #### #.# #### #.#
#g. ##############.# #.#
............##.####g####.##
###.#..........v@hggggg....
##.#....##.##(####5####.#.
#......###.#...###.#
##..#.#####......##..
#...........#...######
.......#######.## #..###.#
#.# #..###.# #.# #....#.#
##'##


You could see Natasha (fast), a white imp (summoned) and 6 goblins.

Vanquished Creatures
  Jessica (D:2)
  A gnoll (D:1)
  2 adders (D:2)
  2 leopard geckos (D:2)
  4 bats
  6 goblins
  3 hobgoblins (D:1)
  A ball python (D:1)
  3 frilled lizards
  4 kobolds
  5 rats
32 creatures vanquished.

Vanquished Creatures (others)
  70 foxfires
70 creatures vanquished.

Grand Total: 102 creatures vanquished

Notes
Turn   | Place    | Note
-------+----------+-------------------------------------------
     0 | D:1      | Zeld the Deep Elf Fire Elementalist began the quest for the
                  | Orb.
     0 | D:1      | Reached XP level 1. HP: 10/10 MP: 6/6
   832 | D:1      | Reached XP level 2. HP: 7/15 MP: 0/8
  2564 | D:2      | Reached XP level 3. HP: 19/19 MP: 7/9
  2568 | D:2      | Learned a level 3 spell: Conjure Flame
  2703 | D:2      | Reached skill level 4 in Fire Magic
  2812 | D:2      | Noticed Jessica
  2917 | D:2      | Killed Jessica
  2918 | D:2      | Reached XP level 4. HP: 24/24 MP: 8/11
  3701 | D:2      | Noticed Natasha
  3713 | D:2      | Mangled by Natasha

Illustrated notes

Levels and vault maps discovered:
D:1:      psy_arrival_radial02, layout_loops_ring
D:2:      layout_loops_corners, overflow_temple_1_default, minmay_circle_x,
          uniq_jessica, uniq_robin, uniq_natasha

Skill      XL: |  1  2  3 |
---------------+----------+-----
Conjurations   | 2 |  2.8
Fire Magic     | 4 |  4.2
Dodging        | 3 |  3.0
Stealth        | |  2.4
Spellcasting   | |  3.7

Action                   |  1- 3 |  4- 6 || total
-------------------------+-------+-------++-------
Melee: Unarmed           |     3 |       ||     3
 Cast: Foxfire           |    43 |     9 ||    52
Armor: Robe              |     7 |       ||     7
Dodge: Dodged            |    23 |    12 ||    35
